 Dungeon Crawl Stone Soup version 0.17.0-28-g6e173f8 (console) character file.

591665 Kloppie the Bludgeoner (level 27, -1/320 HPs)
             Began as an Ogre Gladiator on Dec 1, 2015.
             Was a High Priest of Okawaru.
             Slain by a purple draconian knight
             ... wielding a +2 great mace of holy wrath
              (17 damage)
             ... on level 3 of the Realm of Zot.
             The game lasted 03:44:21 (80097 turns).

Kloppie the Bludgeoner (Ogre Gladiator)            Turns: 80097, Time: 03:44:21

Health: -1/320     AC: 36    Str: 26    XL:     27
Magic:  37/37      EV: 17    Int:  8    God:    Okawaru [*****.]
Gold:   5414       SH:  0    Dex: 17    Spells: 6 memorised, 6 levels left

rFire  + + .     SeeInvis +     b - +3 g.spiked club {elec, rElec rC++ Dex-5}
rCold  + + +     Clarity  .     V - +9 gold dragon armour
rNeg   . . .     SustAt   .     (shield currently unavailable)
rPois  +         Gourm    .     m - +2 hat
rElec  +         Spirit   .     F - +2 cloak {MR+}
rCorr  .         Warding  .     (gloves unavailable)
rMut   +         Stasis   .     (boots unavailable)
MR     +++..                    f - amulet of resist mutation
Stlth  ..........               C - ring "Ufoitij" {rF+ MP+9 Str-2 Dex+4 Slay+2}
                                P - ring "Dyso" {AC+3 SInv}

@: lethally poisoned (-1 -> -1), about to teleport, heroism, corroded equipment,
extremely resistant to hostile enchantments, extremely unstealthy
A: unfitting armour, robust 1, tough skin 1
a: Heroism, Finesse, Renounce Religion
}: 3/15 runes: decaying, serpentine, silver


You were on level 3 of the Realm of Zot.
You worshipped Okawaru.
Okawaru was extremely pleased with you.
You were full.

You visited 9 branches of the dungeon, and saw 51 of its levels.
You visited the Abyss 1 time.
You also visited: Ossuary and Volcano.

You collected 7395 gold pieces.
You spent 1981 gold pieces at shops.

Inventory:

Hand Weapons
 a - the +10 great mace "Fasuvean" {crush, rElec rN++ Str-5 Int+2}
   (You bought it in a shop on level 4 of the Orcish Mines)

   It inflicts extra damage upon your enemies.
   It affects your strength (-5).
   It affects your intelligence (+2).
   It insulates you from electricity.
   It greatly protects you from negative energy.
 b - the +3 giant spiked club "Worm's Wrath" (weapon) {elec, rElec rC++ Dex-5}
   (Okawaru gifted it to you on level 1 of the Lair of Beasts)

   Occasionally, upon striking a foe, it will discharge some electrical energy
   and cause terrible harm.
   It affects your dexterity (-5).
   It greatly protects you from cold.
   It insulates you from electricity.
 w - a +4 great mace of holy wrath
Missiles
 c - 148 large rocks (quivered)
Armour
 m - a +2 hat (worn)
 F - a +2 cloak of magic resistance (worn)
 V - a +9 gold dragon armour (worn)
Jewellery
 f - an amulet of resist mutation (around neck)
 t - an uncursed ring of teleportation
 B - an uncursed ring of flight
 C - the ring "Ufoitij" (right hand) {rF+ MP+9 Str-2 Dex+4 Slay+2}
   (You took it off an ironbrand convoker on level 5 of the Vaults)

   [ring of magical power]

   It affects your strength (-2).
   It affects your dexterity (+4).
   It affects your accuracy and damage with ranged weapons and melee attacks
   (+2).
   It protects you from fire.
   It affects your magic capacity (+9).
 P - the ring "Dyso" (left hand) {AC+3 SInv}
   (You bought it in a shop on level 2 of the Orcish Mines)

   [ring of protection]

   It affects your AC (+3).
   It lets you see invisible.
 R - the amulet of Lequbrape {Spirit rF+}
   (You took it off an ogre mage on level 3 of the Depths)

   [amulet of guardian spirit]

   It causes incoming damage to be split between your health and magic.
   It protects you from fire.
 S - an uncursed amulet of clarity
Wands
 d - a wand of disintegration (12)
 n - a wand of confusion (27)
 v - a wand of heal wounds (6)
 x - a wand of digging (22)
 I - a wand of digging (8)
Scrolls
 h - 2 scrolls of silence
 i - 21 scrolls of remove curse
 k - 5 scrolls of blinking
 o - a scroll of brand weapon
 q - 9 scrolls of fear
 s - 6 scrolls of identify
 y - a scroll of teleportation
 E - 8 scrolls of fog
 L - 4 scrolls of magic mapping
 M - 8 scrolls of recharging
 N - 2 scrolls of enchant armour
 U - a scroll of amnesia
 X - a scroll of summoning
Potions
 g - 10 potions of heal wounds
 j - 4 potions of brilliance
 l - 4 potions of invisibility
 p - 3 potions of cancellation
 u - 9 potions of berserk rage
 z - 2 potions of haste
 A - 30 potions of curing
 G - 6 potions of cure mutation
 K - 4 potions of resistance
 Q - 5 potions of lignification
 T - 2 potions of flight
 W - a potion of agility
 Y - 4 potions of might
Miscellaneous
 D - an ornate deck of summoning
 H - a plain deck of wonders {drawn: 1}
 J - a plain deck of summoning
 Z - a plain deck of changes
Comestibles
 e - 13 bread rations
 r - 19 meat rations


   Skills:
 - Level 20.0(25.0) Fighting
 - Level 20.2(25.2) Maces & Flails
 - Level 18.0(23.0) Throwing
 - Level 20.0(25.0) Armour
 + Level 19.6(24.6) Dodging
 - Level 11.1 Charms
 - Level 6.0 Necromancy
 - Level 6.8 Transmutations
 - Level 7.6 Earth Magic
 - Level 7.2 Invocations


You had 6 spell levels left.
You knew the following spells:

 Your Spells              Type           Power        Failure   Level  Hunger
a - Apportation           Tloc           #.........   100%        1    ##.....
b - Haste                 Chrm           ###.....     100%        6    #######
c - Deflect Missiles      Chrm/Air       #.........   100%        6    #######
d - Regeneration          Chrm/Necr      ##........   34%         3    ####...
e - Stoneskin             Trmt/Erth      ##......     30%         2    ###....
f - Swiftness             Chrm/Air       #.......     58%         2    ###....


Dungeon Overview and Level Annotations

Branches:
Dungeon (15/15)            Temple (0/1) D:5            Lair (8/8) D:8
  Swamp (4/4) Lair:4        Snake (4/4) Lair:5        Slime (0/6) Lair:8
    Orc (4/4) D:11            Elf (3/3) Orc:4        Vaults (5/5) D:14
  Crypt (0/3) Vaults:2     Depths (5/5) D:15            Zot (3/5) Depths:5

Altars:
Ashenzari
Dithmenos
Kikubaaqudgha
Nemelex Xobeh
Okawaru
Sif Muna
Vehumet
Xom
Yredelemnul
Zin
Beogh
Jiyva

Shops:
D:12 !(?   D:14 *   D:15 (   Orc:2 =   Orc:3 ?   Orc:4 (:[*   Snake:3 (
Vaults:4 [   Depths:3 :

Portals:
Hell: Depths:1 Depths:2 Depths:3 Depths:4 Depths:5
Abyss: Depths:1 Depths:2 Depths:4
Pandemonium: Depths:1 Depths:2 Depths:3
Ziggurat: Depths:2

Annotations:
D:2 Natasha
D:7 Prince Ribbit
Lair:8 1 runed door


Innate Abilities, Weirdness & Mutations

You are too large for most types of armour.
You have tough skin (AC +1).
You are robust (+10% HP).


Message History

The red draconian shifter gestures wildly while chanting.
The white draconian shifter blinks!
The yellow draconian blinks!
The purple draconian knight blinks!
The red draconian scorcher blinks!
The white draconian shifter completely misses you.
The yellow draconian hits you but does no damage.
The purple draconian knight hits you with a great mace of holy wrath.
* * * LOW HITPOINT WARNING * * *
You miss the white draconian shifter.
The red draconian scorcher hits you but does no damage.
Read which item? (? for menu, Esc to quit)
As you read the scroll of teleportation, it crumbles to dust.
You feel strangely unstable.
You feel sick.
The red draconian shifter blinks!
The white draconian shifter misses you. The yellow draconian spits acid at you.
The splash of acid hits you!
* * * LOW HITPOINT WARNING * * *
The acid corrodes you!
The acid burns!
* * * LOW HITPOINT WARNING * * *
The purple draconian knight hits you with a great mace of holy wrath!
You die...

##.....## #...#...............#
........# #...............##..#
........# #..............###..#
# #....# #...........§..# #..#
##....# #.).......§§...# #..#
###.....###.......§......# #..#
........#....q...........# #..#
................qd.......# #..#
...............q@........# #..#
....##..........q........# #..#
...# #...................# #..#
...# #..###..............# #..#
...# #..# #..............###..#
...###..# #...................#
.....#..# #...................#
........###...................#
..............................#


You could see a purple draconian knight, a yellow draconian, 2 draconians and a
red draconian scorcher.

Vanquished Creatures
  An ancient lich (Vaults:5)
  A juggernaut (Depths:2)
  Sojobo (Vaults:3)
  Vashnia (Snake:2)
  6 golden dragons
  Nikola (Snake:2)
  Jory (Vaults:4)
  the Enchantress (Depths:3)
  A bone dragon (Depths:5)
  4 liches
  7 titans
  10 tentacled monstrosities
  Asterion (Snake:2)
  A deep elf master archer (Elf:3)
  4 deep elf blademasters
  A death cob (Zot:2)
  5 sphinxes
  An octopode crusher (Depths:4)
  5 thorn hunters
  14 storm dragons
  Kirke (Swamp:3)
  The ghost of paplaukes the Necromancer, an adept DsNe of Nemelex Xobeh (Snake:4)
  6 greater nagas
  9 shadow dragons
  6 tengu reavers
  15 fire giants
  Wiglaf (Depths:2)
  2 draconian monks (Zot:1)
  2 ghost moths
  13 frost giants
  An orc warlord (Orc:4)
  18 vault wardens
  2 draconian zealots
  Aizul (Snake:2)
  9 deep elf sorcerers
  2 draconian scorchers
  3 iron dragons
  4 draconian shifters
  A juggernaut zombie (Depths:2)
  6 spriggan defenders
  13 very ugly things
  10 ironheart preservers
  A draconian caller (Depths:5)
  14 deep elf demonologists
  5 black draconians
  The ghost of Kloppie the Carver, a journeyman VSFi of Makhleb (Swamp:3)
  30 stone giants
  A vampire knight (Depths:3)
  2 salamander stormcallers
  7 green draconians
  A yellow draconian (Zot:2)
  The ghost of Enroth the Grappler, a journeyman TrFi of the Shining One (D:12)
  3 mottled draconians
  4 purple draconians
  4 white draconians (Zot:1)
  2 red draconians
  14 deep elf annihilators
  20 ettins
  4 deep elf death magi (Elf:3)
  12 fire dragons
  9 great orbs of eyes
  15 yaktaur captains
  Josephine (Orc:3)
  5 deep elf high priests
  28 vault guards
  17 naga warriors
  15 hydras
  23 ice dragons
  6 rakshasas
  The ghost of Kloppie the Impaler, a journeyman MfGl of Okawaru (D:10)
  23 centaur warriors
  28 ogre magi
  8 entropy weavers
  6 spriggan air magi
  13 dancing weapons (Elf:2)
  9 deep troll shamans
  4 death yaks
  3 vampire magi
  13 tengu warriors
  10 alligators
  9 anacondas
  11 shock serpents
  The ghost of Kloppie the Fighter, a journeyman VSFi of Okawaru (Lair:1)
  22 deep elf knights
  7 deep troll earth magi
  The ghost of Clownie the Protected, a novice FoFi of the Shining One (D:11)
  3 orc high priests (Orc:4)
  19 naga sharpshooters
  A soul eater (Depths:3)
  11 spriggan berserkers
  Nergalle (Lair:2)
  11 hell knights
  2 fire crabs
  5 skeletal warriors (D:13)
  2 storm dragon zombies
  27 deep trolls
  7 unseen horrors
  3 giant orange brains
  10 iron trolls
  5 flayed ghosts
  2 salamander mystics (Snake:1)
  A shadow wraith (Vaults:5)
  7 naga ritualists
  A shambling mangrove (Swamp:4)
  2 spriggan druids
  A phantasmal warrior (Vaults:5)
  A golden dragon skeleton (Depths:3)
  10 deep elf summoners
  An orange crystal statue (Vaults:1)
  29 ironbrand convokers
  2 wizards
  10 swamp dragons
  A harpy (shapeshifter) (Depths:5)
  4 wolf spiders
  A shining eye (shapeshifter) (Vaults:5)
  16 orc knights
  An iron dragon zombie (Depths:1)
  8 griffons
  9 mana vipers
  9 orc sorcerers
  20 deep elf conjurers
  2 lindwurms (Lair:8)
  3 manticores
  2 wolf spider zombies (D:14)
  8 harpies
  14 hill giants
  The ghost of Clownie the Blocker, a novice FoFi (D:4)
  10 cyclopes
  A fire giant zombie (Vaults:4)
  A hornet (shapeshifter) (Vaults:5)
  11 moths of wrath
  14 necromancers
  A stone giant zombie (Depths:1)
  19 salamanders
  A shadow dragon skeleton (Vaults:5)
  A faun (shapeshifter) (Vaults:1)
  73 ugly things
  2 fauns (Depths:3)
  2 sphinx skeletons
  A salamander (shapeshifter) (Depths:3)
  4 elephants (Lair:7)
  A hornet (Vaults:2)
  31 black mambas
  A frost giant skeleton (Vaults:1)
  2 black mambas (shapeshifter)
  14 vault sentinels
  6 guardian serpents
  Psyche (D:10)
  37 naga magi
  2 molten gargoyles (Volcano)
  11 spiny frogs
  6 torpor snails (Lair:8)
  A yaktaur zombie (Vaults:1)
  3 spriggan zombies
  A gargoyle (D:13)
  5 kobold demonologists
  14 komodo dragons
  4 fire drakes
  3 efreet
  46 yaktaurs
  3 jumping spiders
  3 red devils (Depths:3)
  A komodo dragon (shapeshifter) (D:14)
  9 deep elf priests
  5 freezing wraiths
  7 tengu conjurers
  A troll (shapeshifter) (Vaults:4)
  A queen bee (D:10)
  15 trolls
  2 polar bears
  The ghost of subsebi the Chopper, an amateur DsCK of Xom (D:3)
  46 two-headed ogres
  A wind drake (shapeshifter) (Vaults:3)
  4 bog bodies
  8 giant leeches
  37 slime creatures
  2 boulder beetles (Vaults:3)
  2 trapdoor spider zombies
  The ghost of n00bb0dy the Chiller, an amateur DsIE (Ossuary)
  36 blink frogs
  A sphinx simulacrum (Depths:1)
  2 stone giant simulacra
  A tarantella (Depths:5)
  5 air elementals (Depths:2)
  19 spriggans
  2 frost giant simulacra
  A trapdoor spider (shapeshifter) (Depths:4)
  3 human simulacra (Vaults:1)
  3 shadows
  An ettin skeleton (Depths:1)
  45 yaks
  3 wyverns
  4 water elementals
  A spriggan simulacrum (Depths:3)
  10 basilisks
  24 deep elf magi
  A yak (shapeshifter) (D:14)
  A centaur simulacrum (D:15)
  20 redbacks
  18 hippogriffs
  3 hungry ghosts
  7 hogs (Swamp:3)
  25 deep elf fighters
  24 wolves
  A fire bat (Volcano)
  2 steam dragons
  7 wraiths
  A yaktaur simulacrum (Vaults:5)
  3 mottled dragons
  48 nagas
  A soldier ant (shapeshifter) (Depths:3)
  Edmund (D:4)
  26 swamp worms
  A naga (shapeshifter) (Depths:4)
  3 wargs
  16 water moccasins
  25 vampire mosquitoes
  Duvessa (D:7)
  29 wasps
  8 porcupines
  2 eyes of draining
  A black bear (shapeshifter) (Elf:1)
  An ice beast (shapeshifter) (Depths:5)
  3 sky beasts
  8 swamp drakes
  47 orc warriors
  An orc zombie (Vaults:1)
  A black bear (D:6)
  29 boggarts
  23 centaurs
  3 ice beasts
  4 phantoms
  74 ogres
  6 big kobolds
  22 crocodiles
  A human skeleton (Vaults:4)
  4 brain worms (Lair:8)
  2 elf zombies (D:8)
  2 gnoll sergeants
  A wyvern zombie (D:14)
  23 giant frogs
  Dowan (D:7)
  6 elf skeletons
  3 yaktaur skeletons
  3 scorpions
  42 killer bees
  A boulder beetle zombie (Vaults:1)
  A vampire bat (Orc:2)
  15 wights
  A lava snake (Volcano)
  10 crimson imps
  5 centaur zombies
  2 jellies
  6 centaur skeletons
  6 hounds
  44 orc priests
  A human zombie (Ossuary)
  11 iguanas
  Ijyb (D:2)
  A giant frog zombie (D:8)
  4 giant frog skeletons
  43 orc wizards
  Natasha (D:2)
  15 worker ants
  28 sheep
  A big kobold zombie (Ossuary)
  A small abomination (Vaults:2)
  2 hound skeletons
  4 mummies (Ossuary)
  8 gnolls
  91 river rats
  6 adders
  2 shadow imps
  2 white imps
  An ufetubus (Vaults:4)
  An ooze (D:2)
  An ooze (shapeshifter) (Vaults:2)
  18 worms
  An adder skeleton (D:4)
  An adder zombie (D:5)
  9 giant geckos
  202 orcs
  6 giant cockroaches
  A gnoll zombie (Ossuary)
  8 goblins
  9 hobgoblins
  19 jackals
  21 kobolds
  2 ball pythons
  12 bats
  2 giant newts
  4 goblin zombies (Ossuary)
  A jackal skeleton (D:4)
  An orc skeleton (D:8)
  8 quokkas
  A quokka skeleton (D:5)
  8 rats
  A spectral orc (D:9)
  2 briar patches
  2 fungi (Lair:7)
  A plant (Lair:8)
2761 creatures vanquished.

Vanquished Creatures (others)
  A deep elf knight (Elf:2)
  A moth of wrath (Zot:1)
  A slime creature (Depths:4)
  A two-headed ogre (Zot:1)
  3 ogres
  2 boggarts (Depths:2)
  3 orcs
  3 briar patches (Swamp:4)
  10 fungi
  16 plants
41 creatures vanquished.

Grand Total: 2802 creatures vanquished

Notes
Turn   | Place    | Note
--------------------------------------------------------------
     0 | D:1      | Kloppie the Ogre Gladiator began the quest for the Orb.
     0 | D:1      | Reached XP level 1. HP: 22/22 MP: 1/1
   112 | D:1      | Reached XP level 2. HP: 18/31 MP: 2/2
  1048 | D:2      | Reached XP level 3. HP: 22/37 MP: 3/3
  1311 | D:2      | Noticed Natasha
  1320 | D:2      | Killed Natasha
  1323 | D:2      | Reached XP level 4. HP: 19/48 MP: 4/4
  1670 | D:2      | Found an iron altar of Okawaru.
  1678 | D:2      | Became a worshipper of Warmaster Okawaru
  1732 | D:2      | Reached skill level 5 in Maces & Flails
  1913 | D:2      | Noticed Natasha
  2029 | D:2      | Noticed Ijyb
  2047 | D:2      | Killed Ijyb
  2085 | D:2      | Reached XP level 5. HP: 49/55 MP: 5/5
  2286 | D:3      | Noticed subsebi's ghost (amateur DsCK)
  2423 | D:3      | Found a shadowy altar of Dithmenos.
  2552 | D:3      | Found a glowing silver altar of Zin.
  2950 | D:4      | Noticed an ogre
  2988 | D:4      | Noticed Clownie's ghost (novice FoFi)
  3001 | D:5      | Entered Level 5 of the Dungeon
  3020 | D:5      | Noticed a phantom
  3058 | D:5      | Killed a phantom
  3058 | D:5      | Reached skill level 5 in Fighting
  3058 | D:5      | Reached skill level 6 in Maces & Flails
  3058 | D:5      | Reached XP level 6. HP: 33/66 MP: 6/6
  3251 | D:5      | Reached * piety under Okawaru
  3778 | D:5      | Noticed an ice beast
  3793 | D:5      | Killed an ice beast
  3793 | D:5      | Reached XP level 7. HP: 19/75 MP: 7/7
  4335 | D:5      | Found a staircase to the Ecumenical Temple.
  4335 | D:5      | Noticed an ogre
  4344 | D:5      | Killed an ogre
  4344 | D:5      | Reached skill level 7 in Maces & Flails
  4344 | D:5      | Reached skill level 5 in Dodging
  5048 | D:6      | Reached XP level 8. HP: 45/87 MP: 8/8
  5355 | D:6      | Reached ** piety under Okawaru
  5355 | D:6      | Reached skill level 8 in Maces & Flails
  6516 | D:7      | Reached skill level 9 in Maces & Flails
  6695 | D:7      | Found a sparkling altar of Nemelex Xobeh.
  6716 | D:7      | Noticed Dowan
  6718 | D:7      | Noticed Duvessa
  6730 | D:7      | Killed Duvessa
  6730 | D:7      | Reached XP level 9. HP: 76/97 MP: 9/9
  6741 | D:7      | Killed Dowan
  6786 | D:7      | Reached *** piety under Okawaru
  7054 | D:7      | Got a brightly glowing pearl dragon armour
  7055 | D:7      | Identified the +9 pearl dragon armour of the Spider Nest {rN+ MR- rCorr Str-3 Stlth+} (You found it on level 7 of the Dungeon)
  7119 | D:7      | Found a radiant altar of Vehumet.
  7350 | D:7      | Found a deep blue altar of Sif Muna.
  7602 | D:7      | Noticed Prince Ribbit
  7634 | D:7      | Reached skill level 10 in Maces & Flails
  7759 | D:8      | Found a sand-covered staircase.
  7782 | Ossuary  | Entered an ossuary
  7786 | Ossuary  | Noticed n00bb0dy's ghost (amateur DsIE)
  7820 | Ossuary  | Killed n00bb0dy's ghost
  7820 | Ossuary  | Reached skill level 10 in Fighting
  8027 | Ossuary  | Reached **** piety under Okawaru
  8308 | D:8      | Gained mutation: You are surrounded by a mild repulsion field (EV +2). [potion of beneficial mutation]
  8329 | D:8      | Found a staircase to the Lair.
  8330 | D:8      | Noticed a komodo dragon
  8867 | D:4      | Killed Clownie's ghost
  8867 | D:4      | Reached skill level 11 in Maces & Flails
  8867 | D:4      | Reached XP level 10. HP: 75/111 MP: 10/10
  9019 | D:4      | Noticed Edmund
  9028 | D:4      | Killed Edmund
  9035 | D:4      | Killed an ogre
  9293 | D:3      | Killed subsebi's ghost
  9293 | D:3      | Received a gift from Okawaru
  9739 | D:8      | Killed a komodo dragon
  9749 | Lair:1   | Entered Level 1 of the Lair of Beasts
  9846 | Lair:1   | Reached skill level 1 in Armour
  9853 | Lair:1   | Reached skill level 12 in Maces & Flails
  9858 | Lair:1   | Reached ***** piety under Okawaru
 10293 | Lair:1   | Noticed a black mamba
 10302 | Lair:1   | Killed a black mamba
 10447 | Lair:1   | Reached skill level 13 in Maces & Flails
 10465 | Lair:1   | Gained mutation: You are robust (+10% HP). [potion of beneficial mutation]
 10512 | Lair:1   | Reached XP level 11. HP: 132/132 MP: 11/11
 10649 | Lair:1   | Reached skill level 5 in Armour
 10748 | Lair:1   | Noticed Kloppie's ghost (journeyman VSFi)
 10797 | Lair:1   | Killed Kloppie's ghost
 10898 | Lair:1   | Received a gift from Okawaru
 10901 | Lair:1   | Got a dazzling giant spiked club {god gift}
 10922 | Lair:1   | Identified the +3 giant spiked club "Worm's Wrath" {elec, rElec rC++ Dex-5} (Okawaru gifted it to you on level 1 of the Lair of Beasts)
 10985 | Lair:1   | Reached skill level 14 in Maces & Flails
 11230 | Lair:2   | Reached ****** piety under Okawaru
 11496 | Lair:2   | Noticed Nergalle
 11559 | Lair:2   | Killed Nergalle
 11905 | Lair:2   | Reached skill level 15 in Maces & Flails
 11908 | Lair:2   | Received a gift from Okawaru
 11921 | Lair:2   | Reached XP level 12. HP: 111/143 MP: 12/12
 11937 | Lair:2   | Got a shimmering cloak {god gift}
 11944 | Lair:2   | Identified the +0 cloak of Valour {Int+2 Dex+3 Stlth+} (Okawaru gifted it to you on level 2 of the Lair of Beasts)
 12344 | Lair:3   | Reached skill level 1 in Invocations
 12394 | Lair:3   | Found a dark tunnel.
 12403 | Volcano  | Entered a volcano
 12652 | Volcano  | Found a radiant altar of Vehumet.
 12654 | Volcano  | Paralysed by an orc sorcerer for 6 turns
 12932 | Lair:3   | Reached skill level 5 in Invocations
 13309 | Lair:4   | Noticed a seven-headed hydra
 13435 | Lair:4   | Got a fine arbalest
 13586 | Lair:4   | Killed a seven-headed hydra
 13610 | Lair:4   | Found a staircase to the Swamp.
 14181 | Lair:4   | Received a gift from Okawaru
 14184 | Lair:4   | Got a bloodstained robe {god gift}
 14240 | Lair:5   | Found a staircase to the Snake Pit.
 14401 | Lair:5   | Reached XP level 13. HP: 143/150 MP: 18/18
 14751 | Lair:5   | Identified the +0 robe of Tulips {Str+2} (Okawaru gifted it to you on level 4 of the Lair of Beasts)
 15600 | Lair:6   | Identified the Handbook of Moulding and Poison
 15956 | Lair:7   | Reached skill level 10 in Dodging
 16138 | Lair:7   | Reached skill level 16 in Maces & Flails
 16478 | Lair:7   | Received a gift from Okawaru
 16851 | Lair:7   | Reached skill level 10 in Armour
 17413 | D:9      | Reached skill level 17 in Maces & Flails
 17696 | D:9      | Found a basalt altar of Yredelemnul.
 18539 | D:10     | Entered Level 10 of the Dungeon
 18944 | D:10     | Got a polished morningstar
 19011 | D:10     | Noticed Kloppie's ghost (journeyman MfGl)
 19036 | D:10     | Killed Kloppie's ghost
 19130 | D:10     | Reached XP level 14. HP: 160/160 MP: 19/19
 19156 | D:10     | Noticed Psyche
 19162 | D:10     | Killed Psyche
 19222 | D:10     | Reached skill level 18 in Maces & Flails
 19547 | D:11     | Found a staircase to the Orcish Mines.
 19552 | D:11     | Received a gift from Okawaru
 19751 | D:11     | Noticed Clownie's ghost (novice FoFi)
 19758 | D:11     | Killed Clownie's ghost
 20128 | Orc:1    | Entered Level 1 of the Orcish Mines
 20325 | Orc:1    | Found a roughly hewn altar of Beogh.
 20781 | Orc:2    | Found Baintael's Jewellery Emporium.
 20790 | Orc:2    | Bought an uncursed amulet of guardian spirit for 390 gold pieces
 20790 | Orc:2    | Bought the ring "Dyso" {AC+3 SInv} for 418 gold pieces
 21388 | Orc:3    | Found Riurhes's Magic Scroll Shoppe.
 21404 | Orc:3    | Bought a scroll of identify for 26 gold pieces
 21404 | Orc:3    | Bought a scroll of identify for 26 gold pieces
 21404 | Orc:3    | Identified the +8 morningstar "Memyfym" {pain, Str-2 Int+3} (You found it on level 10 of the Dungeon)
 21807 | Orc:4    | Entered Level 4 of the Orcish Mines
 21898 | Orc:4    | Noticed Josephine
 21910 | Orc:3    | Killed Josephine
 22286 | Orc:4    | Found a staircase to the Elven Halls.
 22381 | Orc:4    | Paralysed by an orc sorcerer for 4 turns
 22392 | Orc:4    | Noticed an orc warlord
 22395 | Orc:4    | Reached skill level 19 in Maces & Flails
 22411 | Orc:4    | Killed an orc warlord
 22808 | Orc:4    | Found Axefrop's General Store.
 22809 | Orc:4    | Found Dira's Book Emporium.
 22810 | Orc:4    | Found Kok Elui's Antique Armour Emporium.
 22810 | Orc:4    | Found Kuhagrat's Antique Weapon Shoppe.
 22815 | Orc:4    | Bought a dazzling great mace for 391 gold pieces
 22825 | Orc:4    | Identified the +10 great mace "Fasuvean" {crush, rElec rN++ Str-5 Int+2} (You bought it in a shop on level 4 of the Orcish Mines)
 23572 | Lair:8   | Entered Level 8 of the Lair of Beasts
 23603 | Lair:8   | Received a gift from Okawaru
 23752 | Lair:8   | Found a runed door.
 23854 | Lair:8   | Reached XP level 15. HP: 113/181 MP: 15/20
 23986 | Lair:8   | Reached skill level 20 in Maces & Flails
 24041 | Lair:8   | Received a gift from Okawaru
 24099 | Lair:8   | Reached skill level 15 in Fighting
 24280 | Lair:8   | Found a runed door.
 24280 | Lair:8   | Found a viscous altar of Jiyva.
 24283 | Lair:8   | Found a staircase to the Slime Pits.
 24722 | Swamp:1  | Entered Level 1 of the Swamp
 24844 | Swamp:1  | Got a bound bone ring
 25096 | Swamp:3  | Noticed Kirke
 25114 | Swamp:3  | Killed Kirke
 25114 | Swamp:3  | Received a gift from Okawaru
 25218 | Swamp:3  | Noticed Kloppie's ghost (journeyman VSFi)
 25230 | Swamp:3  | Killed Kloppie's ghost
 26158 | Swamp:4  | Entered Level 4 of the Swamp
 26161 | Swamp:4  | Received a gift from Okawaru
 26168 | Swamp:4  | Got a fine hat {god gift}
 26169 | Swamp:4  | Identified the -4 hat of Pedin {rElec Str-3 Dex+2} (Okawaru gifted it to you on level 4 of the Swamp)
 26251 | Swamp:4  | Identified the ring of the Illusory Realms {Ice MP+9} (You found it on level 1 of the Swamp)
 26482 | Swamp:4  | Noticed a thorn hunter
 26495 | Swamp:4  | Killed a thorn hunter
 26883 | Swamp:4  | Reached XP level 16. HP: 183/206 MP: 18/21
 26904 | Swamp:4  | Noticed a thorn hunter
 26923 | Swamp:4  | Killed a thorn hunter
 27123 | Swamp:4  | Noticed a thorn hunter
 27135 | Swamp:4  | Killed a thorn hunter
 27270 | Swamp:4  | Got a decaying rune of Zot
 27285 | Swamp:4  | Noticed a thorn hunter
 27297 | Swamp:4  | Killed a thorn hunter
 27599 | Swamp:2  | Noticed a thorn hunter
 27617 | Swamp:2  | Killed a thorn hunter
 28378 | Swamp:1  | Received a gift from Okawaru
 28863 | Snake:1  | Entered Level 1 of the Snake Pit
 29418 | Snake:1  | Reached skill level 5 in Throwing
 29546 | Snake:1  | Got an ancient great mace
 29547 | Snake:1  | Identified the +5 great mace "Mymanyvu" {freeze, *Rage rN+++ Int+5} (You found it on level 1 of the Snake Pit)
 30451 | Snake:1  | Reached XP level 17. HP: 185/221 MP: 20/22
 30463 | Snake:1  | Received a gift from Okawaru
 30640 | Snake:2  | Noticed Aizul
 30654 | Snake:2  | Killed Aizul
 30808 | Snake:2  | Noticed Vashnia
 31201 | Snake:2  | Killed Vashnia
 31264 | Snake:2  | Reached skill level 10 in Throwing
 32074 | Snake:2  | Noticed Nikola
 32079 | Snake:2  | Noticed Asterion
 32095 | Snake:2  | Killed Asterion
 32098 | Snake:2  | Killed Nikola
 32249 | Snake:2  | Received a gift from Okawaru
 32615 | Snake:3  | Found a shimmering altar of Xom.
 32644 | Snake:3  | Found Xuoqisot's Antique Weapon Shop.
 33643 | Snake:3  | Gained mutation: You are covered in fur (AC +1). [potion of beneficial mutation]
 33644 | Snake:3  | Gained mutation: You have a pair of small horns on your head. [potion of beneficial mutation]
 33859 | Snake:4  | Entered Level 4 of the Snake Pit
 33881 | Snake:3  | Identified 2 scrolls of acquirement
 33882 | Snake:3  | Got a transparent robe
 33883 | Snake:3  | Identified the +1 robe "Kyitt" {rElec rC- Dex+4} (You acquired it on level 3 of the Snake Pit)
 33923 | Snake:4  | Received a gift from Okawaru
 33938 | Snake:4  | Reached XP level 18. HP: 151/231 MP: 17/23
 34063 | Snake:4  | Noticed paplaukes's ghost (adept DsNe)
 34094 | Snake:4  | Killed paplaukes's ghost
 34094 | Snake:4  | Received a gift from Okawaru
 34305 | Snake:4  | Received a gift from Okawaru
 35295 | Snake:4  | Received a gift from Okawaru
 35385 | Snake:4  | Received a gift from Okawaru
 35705 | Snake:4  | Got a serpentine rune of Zot
 36239 | D:12     | Found Diwieny's Weapon Emporium.
 36264 | D:12     | Found Lopanute's Magic Scroll Shop.
 36278 | D:12     | Noticed Enroth's ghost (journeyman TrFi)
 36290 | D:12     | Killed Enroth's ghost
 36523 | D:12     | Found Nofeb's Distillery.
 37881 | D:14     | Found Luett's Demolitions Depot.
 38040 | D:14     | Identified a +0 rod of destruction (11/11) (You found it on level 12 of the Dungeon)
 38336 | D:14     | Found a gate to the Vaults.
 38404 | D:14     | Reached XP level 19. HP: 216/240 MP: 21/24
 39010 | D:14     | Received a gift from Okawaru
 39151 | D:14     | Got a crude granite ring
 39152 | D:14     | Identified the ring of the Scavenger {rF- rN+ Slay+3 SInv} (You took it off a deep elf knight on level 14 of the Dungeon)
 39566 | D:15     | Entered Level 15 of the Dungeon
 39614 | D:15     | Found a staircase to the Depths.
 39898 | D:15     | Found Ocomiq's Weapon Shop.
 40235 | D:15     | Received a gift from Okawaru
 40772 | Vaults:1 | Entered Level 1 of the Vaults
 41064 | Vaults:1 | Received a gift from Okawaru
 41088 | Vaults:1 | Got a transparent giant club {god gift}
 41089 | Vaults:1 | Identified the +11 giant club of the Exiled Moons {speed, +Inv rF- rN+ Int+3} (Okawaru gifted it to you on level 1 of the Vaults)
 41134 | Vaults:1 | Reached skill level 15 in Dodging
 41790 | Vaults:1 | Reached XP level 20. HP: 170/250 MP: 23/25
 42046 | Vaults:1 | Received a gift from Okawaru
 42052 | Vaults:1 | Got a twisted robe {god gift}
 42053 | Vaults:1 | Identified the +1 robe of Qucue {Int+8} (Okawaru gifted it to you on level 1 of the Vaults)
 42737 | Lair:1   | Learned a level 1 spell: Apportation
 42745 | Lair:1   | Learned a level 6 spell: Haste
 42753 | Lair:1   | Learned a level 6 spell: Deflect Missiles
 43031 | Orc:4    | Bought a book of Battle for 520 gold pieces
 43293 | Lair:1   | Learned a level 3 spell: Regeneration
 43685 | Vaults:2 | Reached skill level 15 in Armour
 43747 | Vaults:2 | Reached skill level 1 in Charms
 43986 | Vaults:2 | Cast into the Abyss (vault warden)
 43994 | Abyss:1  | Found a corrupted altar of Lugonu.
 44008 | Vaults:2 | Escaped the Abyss
 44570 | Vaults:2 | Found a staircase to the Crypt.
 44570 | Vaults:2 | Found an ancient bone altar of Kikubaaqudgha.
 44571 | Vaults:2 | Found a basalt altar of Yredelemnul.
 44802 | Vaults:2 | Reached skill level 5 in Charms
 45336 | Vaults:3 | Paralysed by a sphinx for 3 turns
 45537 | Vaults:3 | Noticed Sojobo
 45545 | Vaults:3 | Killed Sojobo
 45548 | Vaults:3 | Received a gift from Okawaru
 45847 | Vaults:3 | Paralysed by a sphinx for 4 turns
 46050 | Vaults:3 | Got a twisted giant club {god gift}
 46051 | Vaults:3 | Identified the +3 giant club "Eviscerator" {crush, rC++ Str+3} (Okawaru gifted it to you on level 3 of the Vaults)
 46153 | Vaults:3 | Learned a level 2 spell: Stoneskin
 46292 | Vaults:3 | Paralysed by an ogre mage for 7 turns
 46829 | Vaults:3 | Received a gift from Okawaru
 46829 | Vaults:3 | Reached XP level 21. HP: 229/260 MP: 22/26
 46863 | Vaults:3 | Received a gift from Okawaru
 47335 | Vaults:3 | Reached skill level 10 in Charms
 47726 | Vaults:4 | Received a gift from Okawaru
 48110 | Vaults:4 | Noticed Jory
 48124 | Vaults:4 | Killed Jory
 48124 | Vaults:4 | Reached skill level 1 in Necromancy
 48463 | Vaults:4 | Found Ulyot's Armour Shop.
 48552 | Vaults:5 | Entered Level 5 of the Vaults
 48570 | Vaults:4 | Received a gift from Okawaru
 49013 | Vaults:4 | Reached skill level 5 in Necromancy
 49724 | Vaults:5 | Reached skill level 1 in Earth Magic
 49744 | Vaults:4 | Reached XP level 22. HP: 55/271 MP: 5/27
 50458 | Vaults:5 | Noticed a golden dragon
 50478 | Vaults:5 | Received a gift from Okawaru
 50486 | Vaults:5 | Reached skill level 5 in Earth Magic
 50492 | Vaults:5 | Received a gift from Okawaru
 50536 | Vaults:5 | Killed a golden dragon
 50548 | Vaults:5 | Noticed a golden dragon
 50674 | Vaults:5 | Received a gift from Okawaru
 51021 | Vaults:5 | Noticed an ancient lich
 51027 | Vaults:5 | Killed an ancient lich
 51027 | Vaults:5 | Received a gift from Okawaru
 51084 | Vaults:5 | Got a dazzling great mace {god gift}
 51085 | Vaults:5 | Identified the +1 great mace of Fimbulwinter {drain, rPois rN+} (Okawaru gifted it to you on level 5 of the Vaults)
 51205 | Vaults:5 | Reached skill level 1 in Transmutations
 51415 | Vaults:5 | Noticed a golden dragon
 51430 | Vaults:5 | Killed a golden dragon
 51678 | Vaults:5 | Gained mutation: You expend magic power (3 MP) to strengthen your wands. [a shining eye]
 51680 | Vaults:5 | Gained mutation: Armour fits poorly on your strangely shaped body. [a shining eye]
 51913 | Vaults:5 | Killed a golden dragon
 51913 | Vaults:5 | Received a gift from Okawaru
 51913 | Vaults:5 | Reached skill level 5 in Transmutations
 51943 | Vaults:5 | Got a glittering marble ring
 52173 | Vaults:5 | Reached XP level 23. HP: 88/279 MP: 22/28
 52546 | Vaults:5 | Got a warped eveningstar {god gift}
 52547 | Vaults:5 | Identified the +5 eveningstar of Haxkukk {drain, Str+3 Int+4 Dex+3} (Okawaru gifted it to you on level 5 of the Vaults)
 52548 | Vaults:5 | Identified the ring of Dowe {*Confuse rF+ rC++ MR+ Str+4} (You took it off a fire giant on level 5 of the Vaults)
 52821 | Vaults:5 | Got a heavily runed turquoise ring
 52822 | Vaults:5 | Identified the ring "Ufoitij" {rF+ MP+9 Str-2 Dex+4 Slay+2} (You took it off an ironbrand convoker on level 5 of the Vaults)
 53123 | Vaults:5 | Got a silver rune of Zot
 54428 | Lair:1   | Lost mutation: You expend magic power (3 MP) to strengthen your wands. [potion of cure mutation]
 54428 | Lair:1   | Lost mutation: You are surrounded by a mild repulsion field (EV +2). [potion of cure mutation]
 54428 | Lair:1   | Lost mutation: You have a pair of small horns on your head. [potion of cure mutation]
 54428 | Lair:1   | Lost mutation: Armour fits poorly on your strangely shaped body. [potion of cure mutation]
 54428 | Lair:1   | Lost mutation: You are covered in fur (AC +1). [potion of cure mutation]
 54689 | Elf:1    | Entered Level 1 of the Elven Halls
 55488 | Elf:2    | Received a gift from Okawaru
 56099 | Elf:2    | Found a runed gate.
 56099 | Elf:2    | Found a runed gate.
 56099 | Elf:2    | Found a runed gate.
 56571 | Elf:2    | Received a gift from Okawaru
 57281 | Elf:3    | Entered Level 3 of the Elven Halls
 58359 | Elf:3    | Received a gift from Okawaru
 58405 | Elf:3    | Received a gift from Okawaru
 58531 | Elf:3    | Reached skill level 15 in Throwing
 58707 | Elf:3    | Received a gift from Okawaru
 58898 | Elf:3    | Received a gift from Okawaru
 58898 | Elf:3    | Reached XP level 24. HP: 232/291 MP: 28/28
 59479 | Elf:3    | Received a gift from Okawaru
 59489 | Elf:3    | Got a silken robe {god gift}
 59490 | Elf:3    | Identified the +0 robe of Dishonesty {Dex+2} (Okawaru gifted it to you on level 3 of the Elven Halls)
 59526 | Elf:3    | Got a pitted bone ring
 59527 | Elf:3    | Identified the ring "Taso" {-Tele rPois rF- rN+ Str+8} (You found it on level 3 of the Elven Halls)
 59557 | Elf:3    | Identified Atruma's Papyrus of Necromancy and the Voyage
 59595 | Elf:3    | Learned a level 2 spell: Swiftness
 59678 | Elf:3    | Got a steaming robe
 59679 | Elf:3    | Identified the cursed +1 robe of Epiwn {Stlth+} (You took it off a deep elf blademaster on level 3 of the Elven Halls)
 59681 | Elf:3    | Identified a +0 rod of ignition (11/11) (You found it on level 3 of the Elven Halls)
 59873 | Elf:3    | Identified a +9 rod of clouds (13/13) (You found it on level 3 of the Elven Halls)
 60867 | Depths:1 | Entered Level 1 of the Depths
 61057 | Depths:1 | Found a gateway to Hell.
 61385 | Depths:1 | Found a shattered altar of Ashenzari.
 62648 | Depths:1 | Found a one-way gate to the infinite horrors of the Abyss.
 62819 | Depths:1 | Found a one-way gate leading to the halls of Pandemonium.
 63757 | Depths:2 | Noticed Wiglaf
 63767 | Depths:2 | Killed Wiglaf
 65048 | Depths:2 | Received a gift from Okawaru
 65261 | Depths:2 | Noticed a juggernaut
 65273 | Depths:2 | Killed a juggernaut
 65273 | Depths:2 | Reached XP level 25. HP: 160/300 MP: 28/28
 66293 | Depths:2 | Received a gift from Okawaru
 67117 | Depths:2 | Found a gateway to a ziggurat.
 68251 | Depths:3 | Found Pag Ovorph's Book Emporium.
 68899 | Depths:3 | Received a gift from Okawaru
 69424 | Depths:3 | Received a gift from Okawaru
 70244 | Depths:3 | Got a heavily runed ivory amulet
 70635 | Depths:3 | Noticed the Enchantress
 70645 | Depths:3 | Killed the Enchantress
 70647 | Depths:3 | Got a faerie dragon armour
 70648 | Depths:3 | Identified the +1 faerie dragon armour {rN+} (You took it off the Enchantress on level 3 of the Depths)
 70649 | Depths:3 | Identified the amulet of Lequbrape {Spirit rF+} (You took it off an ogre mage on level 3 of the Depths)
 70851 | Depths:4 | Reached XP level 26. HP: 294/311 MP: 28/28
 71188 | Depths:4 | HP: 11/311 [yaktaur/bolt (16)]
 72170 | Depths:5 | Entered Level 5 of the Depths
 72280 | Depths:4 | Received a gift from Okawaru
 72432 | Depths:5 | Found a gate to the Realm of Zot.
 73059 | Depths:5 | Received a gift from Okawaru
 75187 | D:12     | Bought a scroll of enchant armour for 105 gold pieces
 75187 | D:12     | Bought a scroll of enchant armour for 105 gold pieces
 75563 | Zot:1    | Entered Level 1 of the Realm of Zot
 75743 | Zot:1    | Got a steaming tin ring
 75750 | Zot:1    | Identified the cursed ring "Quprah" {Str-3 Int+2} (You found it on level 1 of the Realm of Zot)
 76645 | Zot:1    | Received a gift from Okawaru
 76688 | Zot:1    | Reached XP level 27. HP: 273/320 MP: 28/28
 76691 | Zot:1    | Received a gift from Okawaru
 77465 | Zot:1    | Received a gift from Okawaru
 80097 | Zot:3    | HP: 16/320 [acid (15)]
 80097 | Zot:3    | Slain by a purple draconian knight

Action                   |  1- 3 |  4- 6 |  7- 9 | 10-12 | 13-15 | 16-18 | 19-21 | 22-24 | 25-27 || total
-------------------------+-------+-------+-------+-------+-------+-------+-------+-------+-------++-------
Melee: Flail             |   105 |   184 |   397 |    14 |       |       |       |       |       ||   700
       Dire flail        |       |       |       |   885 |   841 |       |       |       |       ||  1726
       Giant spiked club |       |       |       |       |   529 |   574 |  1727 |   527 |  1379 ||  4736
       Great mace        |       |       |       |       |   619 |   725 |       |   948 |   284 ||  2576
Throw: Throwing net      |       |     3 |     1 |     2 |       |       |       |       |       ||     6
       Large rock        |       |       |       |       |       |    66 |    79 |   315 |   285 ||   745
 Cast: Regeneration      |       |       |       |       |       |       |     1 |     2 |       ||     3
Invok: Heroism           |       |       |       |     2 |     2 |     2 |     7 |     9 |     7 ||    29
       Finesse           |       |       |       |       |     1 |     2 |     3 |     5 |     4 ||    15
Evoke: Wand              |       |       |       |       |       |       |     1 |     5 |     1 ||     7
       Deck              |       |       |       |       |       |       |       |     1 |       ||     1
  Use: Scroll            |       |       |    23 |     8 |    14 |     6 |     8 |    23 |    19 ||   101
       Potion            |       |       |     1 |     1 |       |     4 |       |     1 |     1 ||     8
 Stab: Sleeping          |       |     3 |       |     5 |       |       |       |       |       ||     8
       Distracted        |       |       |       |       |       |     1 |       |     1 |     1 ||     3
  Eat: Chunk             |     1 |     8 |    11 |    19 |    32 |     8 |    17 |    21 |    20 ||   137
       Beef jerky        |       |       |     2 |       |     1 |     1 |       |     8 |       ||    12
       Fruit             |       |       |     2 |       |    14 |     4 |     7 |    12 |     3 ||    42
       Pizza             |       |       |     2 |       |       |       |     1 |       |       ||     3
       Bread ration      |       |       |       |       |     1 |     1 |     1 |       |     4 ||     7
       Meat ration       |       |       |       |       |       |     3 |     3 |     1 |     3 ||    10
       Royal jelly       |       |       |       |       |       |       |       |       |     1 ||     1
